 Dungeon Crawl Stone Soup version 0.24-a0-446-g87df7205b4 (webtiles) character file.

Game seed: 14044897457853790724

186 mortelune the Firebug (level 5, -1/29 HPs)
             Began as a Deep Elf Fire Elementalist on June 23, 2019.
             Killed by divine providence
             ... invoked by an orc priest
              (17 damage)
             ... on level 3 of the Dungeon.
             The game lasted 00:06:12 (3176 turns).

mortelune the Firebug (Deep Elf Fire Elementalist)  Turns: 3176, Time: 00:06:12

Health: -1/29      AC:  3    Str:  6    XL:     5   Next: 38%
Magic:  7/13       EV: 13    Int: 20    God:
Gold:   152        SH:  0    Dex: 15    Spells: 2/12 levels left

rFire    . . .     SeeInvis .   q - +2 flail (protect)
rCold    . . .     Gourm    .   (no shield)
rNeg     . . .     Faith    .   i - +0 robe
rPois    .         Spirit   .   (no helmet)
rElec    .         Reflect  .   o - +0 cloak
rCorr    .         Harm     .   (no gloves)
MR       .....                  (no boots)
Stlth    ++........             (no amulet)
HPRegen  0.09/turn              (no ring)
MPRegen  0.13/turn              (no ring)

@: no status effects
A: no striking features
a: no special abilities


You were on level 3 of the Dungeon.
You were not hungry.

You visited 1 branch of the dungeon, and saw 3 of its levels.

You collected 152 gold pieces.

Inventory:

Hand Weapons
 f - a +0 whip
 q - a +2 flail of protection (weapon)
Armour
 a - a +0 robe
 i - a +0 robe (worn)
 o - a +0 cloak (worn)
Scrolls
 b - a scroll of enchant armour {unknown}
 d - 6 scrolls of identify {unknown}
 k - 2 scrolls of teleportation {unknown}
 l - a scroll of remove curse {unknown}
 n - a scroll of noise {unknown}
Potions
 e - 3 potions of might {unknown}
 g - a potion of agility {unknown}
 h - a potion of lignification {unknown}
 j - 2 potions of curing {unknown}
 m - 2 potions of heal wounds {unknown}
 r - a potion of invisibility {unknown}
Comestibles
 c - 5 rations
 p - 4 chunks of flesh


   Skills:
 + Level 1.2 Fighting
 + Level 3.3 Dodging
 - Level 2.4 Stealth
 + Level 4.0 Spellcasting
 * Level 3.2 Conjurations
 * Level 4.5 Fire Magic


You had 2 spell levels left.
You knew the following spells:

 Your Spells              Type           Power        Failure   Level  Hunger
a - Flame Tongue          Conj/Fire      ###..        2%          1    None
b - Throw Flame           Conj/Fire      ###...       4%          2    #......
c - Conjure Flame         Conj/Fire      ###.....     8%          3    ###....
d - Sticky Flame          Conj/Fire      ###.....     26%         4    ####...

Your spell library contained the following spells:

 Spells                   Type           Power        Failure   Level  Hunger
 Inner Flame              Hex/Fire       ##......     16%         3    ###....
 Fireball                 Conj/Fire      ###.......   58%         5    ######.


Dungeon Overview and Level Annotations

Branches:
Dungeon (3/15)

Altars:
Ashenzari
Okawaru


Message History

Confirm with . or Enter, or press ? or * to list all spells.
Aiming: Throw Flame (safe; 4% risk of failure)
Press: ? - help, Shift-Dir - straight line, f/p - orc priest
Aim: an orc priest, wielding a +0 flail (moderately wounded)
The puff of flame hits the orc priest.
The orc priest is heavily wounded.
The orc priest invokes the aid of Beogh against you.
Beogh smites you!
Casting: Throw Flame (safe; 4% risk of failure)
Confirm with . or Enter, or press ? or * to list all spells.
Aiming: Throw Flame (safe; 4% risk of failure)
Press: ? - help, Shift-Dir - straight line, f/p - orc priest
Aim: an orc priest, wielding a +0 flail (heavily wounded)
The puff of flame misses the orc priest.
The puff of flame hits the worm.
The worm is moderately wounded.
The orc priest calls down the wrath of Beogh upon you.
Beogh smites you!
Ouch! That really hurt!
You die...

#.##.# #.#
#.....
#.##.# #.#
#.#.8.
#.##.#####.#
#.....
#..........#
##...#
####.#######
#.... #.#
#..8. #.#
#.... #)#
#...# #@#
#.... #.#
#..8. #.# #.
.. #)# .##
#<# #
#o.....#
.w####.#
.#.. #...#


You could see a worm and an orc priest.

Vanquished Creatures
  An orc priest (D:2)
  2 orc wizards (D:3)
  4 adders
  A worm (D:2)
  A dart slug (D:1)
  2 leopard geckos
  12 orcs
  A ball python (D:1)
  7 bats
  5 giant cockroaches
  3 goblins
  5 hobgoblins
  3 frilled lizards
  3 kobolds
  A rat (D:3)
51 creatures vanquished.

Notes
Turn   | Place    | Note
-------+----------+-------------------------------------------
     0 | D:1      | mortelune the Deep Elf Fire Elementalist began the quest
                  | for the Orb.
     0 | D:1      | Reached XP level 1. HP: 10/10 MP: 6/6
   181 | D:1      | Reached XP level 2. HP: 14/15 MP: 1/8
   185 | D:1      | Learned a level 2 spell: Throw Flame
  1086 | D:2      | Reached XP level 3. HP: 19/20 MP: 6/9
  1091 | D:2      | Learned a level 3 spell: Conjure Flame
  1182 | D:2      | Found an iron altar of Okawaru.
  1540 | D:2      | Reached XP level 4. HP: 24/24 MP: 1/11
  1646 | D:2      | Reached skill level 1 in Fighting
  2364 | D:3      | Learned a level 4 spell: Sticky Flame
  2483 | D:3      | Reached XP level 5. HP: 9/29 MP: 2/12
  2803 | D:3      | Found a shattered altar of Ashenzari.
  3176 | D:3      | Killed from afar by an orc priest

Levels and vault maps discovered:
D:1:      elethiomel_arrival_infinity_welcomes_careful_drivers,
          layout_loops_ring, minmay_pentomino_q2
D:2:      layout_basic, okawaru_trees_1
D:3:      layout_loops_ring, ashenzari_altar_1, minmay_misc_feat_four_crosses

Skill      XL: |  1  2  3  4  5 |
---------------+----------------+-----
Conjurations   | 2 3 |  3.2
Dodging        | 3 |  3.3
Fire Magic     | 4 |  4.5
Fighting       | 1 |  1.2
Spellcasting   | 4 |  4.0
Stealth        | |  2.4

Action                   |  1- 3 |  4- 6 || total
-------------------------+-------+-------++-------
 Cast: Flame Tongue      |    31 |    30 ||    61
       Throw Flame       |    14 |    28 ||    42
       Conjure Flame     |     1 |     1 ||     2
  Eat: Chunk             |     2 |     6 ||     8
Armor: Robe              |       |     1 ||     1
Dodge: Dodged            |     6 |     3 ||     9

Table legend:
 A = Non-vault XP
 B = Vault XP
 C = Vault XP percentage of total XP
 D = Non-vault monster count
 E = Vault monster count
 F = Vault count percentage of total count
                 A         B        C        D         E       F
            +---------+---------+-------+---------+---------+-------
      Total |     265 |       2 |   0.7 |      50 |       1 |   2.0
            +---------+---------+-------+---------+---------+-------
        D:1 |      29 |       2 |   6.5 |      15 |       1 |   6.2
        D:2 |      98 |       0 |   0.0 |      15 |       0 |   0.0
        D:3 |     138 |       0 |   0.0 |      20 |       0 |   0.0
            +---------+---------+-------+---------+---------+-------
